 Dungeon Crawl Stone Soup version 0.29.0-4-gdea44cf6ec (webtiles) character file.

Game seed: 932145762493622682

52 qw the Chopper (level 3, -3/21 HPs)
             Began as a Tengu Warper on Aug 28, 2022.
             Slain by a gnoll
             ... wielding a +0 spear
              (7 damage)
             ... on level 2 of the Dungeon.
             The game lasted 00:00:06 (1270 turns).

qw the Chopper (Tengu Warper)                       Turns: 1270, Time: 00:00:06

Health: -3/21      AC:  3    Str: 13    XL:     3   Next: 85%
Magic:  7/7        EV: 11    Int: 13    God:
Gold:   40         SH:  4    Dex: 13    Spells: 6/6 levels left

rFire   . . .      SeeInvis .   Y - +1 hand axe
rCold   . . .      Faith    .   j - +0 buckler
rNeg    . . .      Spirit   .   b - +0 leather armour
rPois   .          Reflect  .   (helmet restricted)
rElec   .          Harm     .   (no cloak)
rCorr   .          Rampage  .   (no gloves)
Will    .....                   (boots unavailable)
Stlth   +.........              (no amulet)
HPRegen 0.07/turn               (no ring)
MPRegen 0.10/turn               (no ring)

@: no status effects
A: beak, talons 3
a: no special abilities


You were on level 2 of the Dungeon.
You visited 1 branch of the dungeon, and saw 2 of its levels.

You collected 40 gold pieces.


Innate Abilities, Weirdness & Mutations

You have a beak for a mouth.
You have claws for feet.


   Skills:
 - Level 2.0 Fighting
 + Level 4.2 Axes
 - Level 1.0 Throwing
 - Level 1.1 Armour
 - Level 2.1 Dodging
 - Level 1.0 Shields
 - Level 2.0 Spellcasting
 - Level 2.4 Translocations


You had 6 spell levels left.
You didn't know any spells.
Your spell library contained the following spells:

 Spells                   Type           Power      Damage    Failure   Level
 Blink                    Tloc           14%        N/A       26%         2
 Gell's Gravitas          Tloc           7%         N/A       45%         3
 Lesser Beckoning         Tloc           7%         N/A       45%         3
 Teleport Other           Tloc           7%         N/A       45%         3
 Manifold Assault         Tloc           7%         N/A       99%         5

Inventory:

Hand Weapons
 f - a +0 whip
 Y - a +1 hand axe (weapon)
Armour
 b - a +0 leather armour (worn)
 j - a +0 buckler (worn)
Scrolls
 a - 3 scrolls of identify

Dungeon Overview and Level Annotations

Branches:
Dungeon (2/15)

Altars:


Message History

1008 ||| STAIRDANCE The bat closely misses you.
You block the gnoll's attack. The gnoll barely misses you.
You climb upwards.
There is a stone staircase leading down here.
You hit the gnoll. Your kick misses the gnoll. Your peck misses the gnoll.
The gnoll is moderately wounded.
You barely miss the bat. The bat closely misses you.
The bat hits you but does no damage. The gnoll hits you with a +0 spear.
The bat closely misses you. The gnoll hits you with a +0 spear.
You hit the gnoll. You peck the gnoll.
You kill the gnoll!
You hit the bat.
You kill the bat!
You start resting.
HP restored.
Done exploring.
(D) Dungeon
Where to? (* - list waypoints, Enter - D:2, ? - help)
What level of the Dungeon? (default 1, ? - help)
You climb downwards.
The gnoll throws a stone.
The stone misses you.
There is a stone staircase leading up here.
The gnoll throws a stone.
The stone barely misses you. The gnoll hits you but does no damage.
The gnoll throws a stone.
The stone hits you.
You hit the gnoll but do no damage. You claw the gnoll. You peck the gnoll.
The gnoll is severely wounded.
The gnoll throws a stone.
You block the stone. The gnoll hits you with a +0 spear.
You hit the gnoll. You claw the gnoll.
You kill the gnoll!
The gnoll hits you from afar with a +0 spear.
Your Axes skill increases to level 4!
The gnoll hits you with a +0 spear.
You closely miss the gnoll. The gnoll barely misses you.
You barely miss the gnoll. Your kick misses the gnoll.
The gnoll hits you with a +0 spear!
You die...

########+###
#.$........#
#..........#
+.......g>.#
#....).@...#####
##+###..........
#..........
#..........
#.)<.......
#?.........
####+#.....
#####


You could see a gnoll.

Vanquished Creatures
  3 gnolls
  2 ball pythons (D:1)
  3 endoplasms (D:1)
  2 giant cockroaches (D:1)
  3 hobgoblins (D:1)
  A quokka (D:1)
  4 bats (D:1)
  A frilled lizard (D:1)
  2 goblins (D:1)
  2 rats (D:1)
23 creatures vanquished.

Vanquished Creatures (others)
  A plant (D:1)
1 creature vanquished.

Grand Total: 24 creatures vanquished

Notes
Turn   | Place    | Note
-------+----------+-------------------------------------------
     0 | D:1      | qw the Tengu Warper began the quest for the Orb.
     0 | D:1      | Reached XP level 1. HP: 12/12 MP: 4/4
     0 | D:1      | 0 ||| qw: Version: 0.1-a-89-g26bdef1
     0 | D:1      | 0 ||| qw: Game counter: 808
     0 | D:1      | 0 ||| qw: Always use a shield: true
     0 | D:1      | 0 ||| qw: God list: Okawaru
     0 | D:1      | 0 ||| qw: Allow faded altars: false
     0 | D:1      | 0 ||| qw: Do Orc after D:15 true
     0 | D:1      | 0 ||| qw: Do second Lair branch before Depths: true
     0 | D:1      | 0 ||| qw: Lair rune preference: random
     0 | D:1      | 0 ||| qw: Plans: Normal
     0 | D:1      | 0 ||| PLANNING D:1-11
   104 | D:1      | Reached XP level 2. HP: 17/17 MP: 6/6
   125 | D:1      | Reached skill level 3 in Axes
   328 | D:1      | 328 ||| Stepping ~*~*~tactically~*~*~ (stealth).
   346 | D:1      | 346 ||| Stepping ~*~*~tactically~*~*~ (stealth).
   347 | D:1      | 347 ||| Stepping ~*~*~tactically~*~*~ (stealth).
   687 | D:1      | 687 ||| Stepping ~*~*~tactically~*~*~ (stealth).
   747 | D:1      | Found a faded altar of an unknown god.
   829 | D:1      | 829 ||| UPGRADING to +0 buckler.
   834 | D:1      | 834 ||| READING 5 scrolls labelled NAIW SIFURU.
   835 | D:1      | 835 ||| READING scroll labelled MUOD VYLURANLIURCH.
   836 | D:1      | 836 ||| READING scroll labelled OQIODIOTEC.
   837 | D:1      | 837 ||| READING scroll labelled ESEPEI BIMONT.
   838 | D:1      | 838 ||| READING scroll labelled CANNYKKUOH.
   939 | D:1      | 939 ||| READING 4 scrolls of identify.
   939 | D:1      | 939 ||| IDENTIFYING viscous inky potion
   940 | D:1      | 940 ||| DROPPING scroll of blinking.
   941 | D:1      | 941 ||| DROPPING potion of degeneration.
  1001 | D:2      | 1001 ||| Stepping ~*~*~tactically~*~*~ (stealth).
  1006 | D:2      | Reached skill level 1 in Shields
  1006 | D:2      | Reached XP level 3. HP: 11/21 MP: 7/7
  1008 | D:2      | 1008 ||| STAIRDANCE
  1010 | D:1      | HP: 3/21 [gnoll/+0 spear (5)]
  1268 | D:2      | Reached skill level 4 in Axes
  1268 | D:2      | HP: 4/21 [gnoll/+0 spear (6)]
  1270 | D:2      | Slain by a gnoll

Levels and vault maps discovered:
D:1:      scummos_arrival_simple_crosswalls, layout_basic,
          shapermc_ecumenical_altar_hornbeckon
D:2:      layout_basic, minivault_11

Skill      XL: |  1  2  3 |
---------------+----------+-----
Axes           | 3 4 |  4.2
Shields        | 1 |  1.0
Fighting       | |  2.0
Throwing       | |  1.0
Armour         | |  1.1
Dodging        | |  2.1
Spellcasting   | |  2.0
Translocations | |  2.4

Action                   || total
-------------------------++-------
Melee: Hand axe          ||    49
       Peck              ||     9
       Kick              ||    10
Throw: Boomerang         ||     7
  Use: Scroll            ||     6
Armor: Leather armour    ||    15
Dodge: Dodged            ||    25
Block: Buckler           ||     2

Table legend:
 A = Non-vault XP
 B = Vault XP
 C = Vault XP percentage of total XP
 D = Non-vault monster count
 E = Vault monster count
 F = Vault count percentage of total count
                 A         B        C        D         E       F
            +---------+---------+-------+---------+---------+-------
      Total |      75 |       0 |   0.0 |      23 |       0 |   0.0
            +---------+---------+-------+---------+---------+-------
        D:1 |      47 |       0 |   0.0 |      21 |       0 |   0.0
        D:2 |      28 |       0 |   0.0 |       2 |       0 |   0.0
            +---------+---------+-------+---------+---------+-------
